 Dungeon Crawl Stone Soup version 0.26-a0-651-gb41185065b (webtiles) character file.

Game seed: 15071418433848395935

505 marklar909 the Ruffian (level 6, -5/61 HPs)
             Began as a Troll Monk on Sept 29, 2020.
             Was a Priest of Cheibriados.
             Slain by a gnoll (6 damage)
             ... on level 4 of the Dungeon.
             The game lasted 00:05:06 (2474 turns).

marklar909 the Ruffian (Troll Monk)                 Turns: 2474, Time: 00:05:07

Health: -5/61      AC:  7    Str: 27    XL:     6   Next: 96%
Magic:  1/6        EV: 12    Int: 13    God:    Cheibriados [***...]
Gold:   175        SH:  0    Dex: 21    Spells: 5/5 levels left

rFire    . . .     SeeInvis .     - Unarmed
rCold    . . .     Faith    .   (no shield)
rNeg     . . .     Spirit   .   a - +0 robe
rPois    .         Reflect  .   (helmet restricted)
rElec    .         Harm     .   k - +0 cloak
rCorr    .         Rampage  .   (gloves unavailable)
MR       +....                  (boots unavailable)
Stlth    +++.......             (no amulet)
HPRegen  0.60/turn              p - ring of stealth
MPRegen  0.10/turn              l - ring of protection from magic

@: very slow
A: large, unfitting armour, claws 3, regeneration 1, shaggy fur 1, tough skin 3
a: Bend Time, Temporal Distortion, Renounce Religion


You were on level 4 of the Dungeon.
You worshipped Cheibriados.
Cheibriados was most pleased with you.
You visited 1 branch of the dungeon, and saw 4 of its levels.

You collected 175 gold pieces.

Inventory:

Armour
 a - a +0 robe (worn)
 k - a +0 cloak (worn)
Jewellery
 h - an uncursed ring of positive energy
 l - a ring of protection from magic (right claw)
 p - a ring of stealth (left claw)
Scrolls
 b - 7 scrolls of identify
 d - 5 scrolls of remove curse
 g - a scroll of noise {unknown}
 j - 3 scrolls of teleportation
 m - a scroll of random uselessness {unknown}
 o - a scroll of amnesia {unknown}
Potions
 c - 2 potions of lignification {unknown}
 e - a potion of curing
 f - a potion of invisibility {unknown}
 i - a potion of degeneration {unknown}
 n - a potion of stabbing {unknown}


   Skills:
 * Level 3.3 Fighting
 * Level 1.2 Armour
 * Level 3.9 Dodging
 - Level 1.1 Stealth
 + Level 5.3 Unarmed Combat
 * Level 2.0 Invocations


You had 5 spell levels left.
You didn't know any spells.
Your spell library was empty.

Dungeon Overview and Level Annotations

Branches:
Dungeon (4/15)
 Temple: D:4-7

Altars:
Cheibriados
Kikubaaqudgha
Nemelex Xobeh
Qazlal
Trog
Uskayaw
Xom
The Shining One


Innate Abilities, Weirdness & Mutations

You are too large for most types of armour.
You have claws for hands.
Your natural rate of healing is unusually fast.
You are covered in fur. (AC +1)
You have extremely tough skin. (AC +3)


Message History

* * * LOW HITPOINT WARNING * * *
The gnoll shaman hits you with a +0 club!
* * * LOW HITPOINT WARNING * * *
The gnoll misses you.
Unknown command.
You scratch the gnoll shaman.
The gnoll shaman is moderately wounded.
The gnoll closely misses you.
Unknown command.
You feel better. The gnoll barely misses you.
The gnoll hits you but does no damage. x2; The gnoll closely misses you.
The gnoll shaman hits you with a +0 club!
* * * LOW HITPOINT WARNING * * *
Unknown command.
You scratch the gnoll shaman.
The gnoll shaman is heavily wounded.
The gnoll closely misses you. The gnoll hits you.
* * * LOW HITPOINT WARNING * * *
The gnoll hits you.
You die...

#..## #....
##.... #####
#.....####...#
#....#..##...#
###..g.g.#...##
......ggg#....#
......g@#....#
....#........##
. #.........#
.#.........##
#............##
##............#
#..####......#
#.. ##.......#
#..##........#


You could see a gnoll shaman (slow) and 5 gnolls.

Vanquished Creatures
  An ogre (D:4)
  An orc priest (D:4)
  A bullfrog skeleton (D:3)
  A hound (D:4)
  Crazy Yiuf (D:2)
  An orc wizard (D:4)
  4 worker ants
  4 gnolls (D:2)
  5 adders
  An ooze (D:3)
  2 worms (D:2)
  3 dart slugs
  9 orcs
  4 giant cockroaches
  9 hobgoblins
  2 quokkas
  3 ball pythons
  11 bats
  6 frilled lizards
  7 goblins (D:1)
  10 kobolds
  3 rats (D:1)
89 creatures vanquished.

Notes
Turn   | Place    | Note
-------+----------+-------------------------------------------
     0 | D:1      | marklar909 the Troll Monk began the quest for the Orb.
     0 | D:1      | Reached XP level 1. HP: 22/22 MP: 0/0
   207 | D:1      | Reached XP level 2. HP: 27/29 MP: 1/1
   311 | D:1      | Reached XP level 3. HP: 36/36 MP: 2/2
   675 | D:2      | Found a snail-covered altar of Cheibriados.
   686 | D:2      | Found a stormy altar of Qazlal.
   708 | D:2      | Became a worshipper of Cheibriados the Contemplative
   708 | D:2      | Reached * piety under Cheibriados
   708 | D:2      | Reached ** piety under Cheibriados
   783 | D:2      | Found a runed translucent door.
   784 | D:2      | Noticed Crazy Yiuf
   888 | D:2      | Found a hide-covered altar of Uskayaw.
   889 | D:2      | Found a sparkling altar of Nemelex Xobeh.
   896 | D:2      | Found a bloodstained altar of Trog.
   909 | D:2      | Reached XP level 4. HP: 35/44 MP: 3/3
   921 | D:2      | Reached skill level 4 in Unarmed Combat
  1214 | D:2      | Found a shimmering altar of Xom.
  1214 | D:2      | Found a glowing golden altar of the Shining One.
  1270 | D:2      | Reached skill level 1 in Invocations
  1392 | D:2      | Killed Crazy Yiuf
  1491 | D:3      | Reached XP level 5. HP: 52/52 MP: 4/4
  2013 | D:3      | Found an ancient bone altar of Kikubaaqudgha.
  2042 | D:3      | Reached *** piety under Cheibriados
  2171 | D:4      | Reached XP level 6. HP: 56/61 MP: 6/6
  2204 | D:4      | Reached skill level 5 in Unarmed Combat
  2328 | D:4      | Reached skill level 1 in Armour
  2352 | D:4      | Got a pair of scorched gloves
  2471 | D:4      | HP: 3/61 [gnoll shaman/+0 club (7)]
  2474 | D:4      | HP: 1/61 [gnoll (3)]
  2474 | D:4      | Slain by a gnoll

Illustrated notes

Levels and vault maps discovered:
D:1:      dpeg_arrival_morbid_curiosity, layout_basic
D:2:      layout_basic, nicolae_overflow_hidden_temple, minitemple,
          gammafunk_temple_overflow_elements, uniq_crazy_yiuf_cottage
D:3:      layout_loops_ring, lemuel_coloured_pillars_altar
D:4:      layout_cave_pools, uniq_duvessa

Skill      XL: |  1  2  3  4  5  6 |
---------------+-------------------+-----
Dodging        | 3 |  3.9
Unarmed Combat | 4 5 |  5.3
Invocations    | 1 2 |  2.0
Fighting       | 3 |  3.3
Armour         | 1 |  1.2
Stealth        | |  1.1

Action                   |  1- 3 |  4- 6 || total
-------------------------+-------+-------++-------
Melee: Unarmed           |   113 |   137 ||   250
       Punch             |     1 |     6 ||     7
Invok: Bend Time         |       |     6 ||     6
  Use: Scroll            |       |     3 ||     3
       Potion            |       |     1 ||     1
 Stab: Sleeping          |     3 |     1 ||     4
Armor: Robe              |    51 |    69 ||   120
Dodge: Dodged            |    79 |   104 ||   183

Table legend: (Time is in decaauts)
 A = Elapsed time spent in this place.
 B = Non-inter-level travel time spent in this place.
 C = Inter-level travel time spent in this place.
 D = Time resting spent in this place.
 E = Time spent auto-exploring this place.
 F = Levels seen in this place.
 G = Mean time per level.
                   A        B        C        D        E       F      G
               +--------+--------+--------+--------+--------+-----+--------+
         Total |   3162 |   3031 |    131 |     53 |   2357 |   4 |  790.5 |
       Dungeon |   3162 |   3031 |    131 |     53 |   2357 |   4 |  790.5 |
               +--------+--------+--------+--------+--------+-----+--------+

Top non-repeatable levels by time:
     D:2: 1164 daAuts
     D:3: 943 daAuts
     D:1: 596 daAuts
     D:4: 457 daAuts
